 Dungeon Crawl Stone Soup version 0.31-a0-846-gb3bcc0d938 (webtiles) character file.

Game seed: 10213700592842897462

79 Nedwor the Cutter (level 4, -4/34 HPs)
             Began as a Demonspawn Gladiator on Oct 4, 2023.
             Killed by nerve-wracking pain
             ... invoked by Grinder
              (6 damage)
             ... on level 3 of the Dungeon.
             The game lasted 00:03:54 (1681 turns).

Nedwor the Cutter (Demonspawn Gladiator)            Turns: 1681, Time: 00:03:54

Health: -4/34      AC:  3    Str: 14    XL:     4   Next: 16%
Magic:  4/4        EV: 13    Int:  9    God:
Gold:   141        SH:  4    Dex: 17    Spells: 3/3 levels left

rFire   . . .        a - +0 rapier
rCold   . . .        (no shield)
rNeg    + . .        b - +0 leather armour
rPois   .            (helmet restricted)
rElec   .            (no cloak)
rCorr   .            (no gloves)
SInv    .            (no boots)
Will    .....        (no amulet)
Stlth   +            f - ring of positive energy
HPRegen 0.25/turn    (no ring)
MPRegen 0.09/turn

%: no passive effects
@: no status effects
A: horns 1, condensation shield
a: no special abilities


You were on level 3 of the Dungeon.
You visited 1 branch of the dungeon, and saw 3 of its levels.

You collected 141 gold pieces.

Inventory:

Hand Weapons
 a - a +0 rapier (weapon)
Missiles
 d - 3 throwing nets (quivered)
 e - a javelin
Armour
 b - a +0 leather armour (worn)
 c - a +0 helmet
 i - a +2 helmet
Jewellery
 f - a ring of positive energy (left hand)
 r - a +6 ring of dexterity
Scrolls
 h - a scroll of poison {unknown}
 j - 4 scrolls of revelation {unknown}
 k - a scroll of silence {unknown}
 l - a scroll of blinking {unknown}
 n - a scroll of enchant weapon {unknown}
 o - a scroll of identify {unknown}
Potions
 g - a potion of mutation {unknown}
 m - a potion of enlightenment {unknown}
 p - a potion of invisibility {unknown}
 q - a potion of curing {unknown}


   Skills:
 + Level 2.7 Fighting
 * Level 3.7 Short Blades
 - Level 1.7 Throwing
 + Level 3.2 Dodging


You had 3 spell levels left.
You didn't know any spells.
Your spell library contained the following spells:

 Spells                   Type           Power      Damage    Failure   Level
 Sublimation of Blood     Necr           0%         N/A       61%         2
 Wereblood                Tmut           0%         N/A       61%         2
 Dazzling Flash           Conj/Hex       0%         N/A       83%         3
 Agony                    Necr           0%         N/A       100%        5
 Silence                  Hex/Air        0%         N/A       100%        5
 Summon Hydra             Summ           0%         N/A       100%        7


Dungeon Overview and Level Annotations

Branches:
Dungeon (3/15)

Altars:

Shops:
D:1 (

Annotations:
D:3 Grinder, Sigmund


Innate Abilities, Weirdness & Mutations

You have a pair of small horns on your head.
A meltable shield of frost defends you. (SH +4)


Message History

You are too confused!
You are too confused!
You are too confused!
Sigmund closely misses you. Grinder gestures at you.
You suddenly lose the ability to move!
Sigmund hits you with a +0 scythe!
A kobold comes into view. It is wielding a +0 short sword.
Grinder blinks!
You can move again.
You barely miss Sigmund.
You hear the slow rusting of a drain.
Sigmund barely misses you. Grinder barely misses you.
You bump into the rock wall.
You feel less confused. Grinder gestures at you.
You resist with significant effort.
Sigmund hits you from afar with a +0 scythe!
Grinder gestures at you.
You shrug off the repeated paralysis!
Sigmund gestures at you while chanting. The magic dart hits you!
* * * LOW HITPOINT WARNING * * *
Grinder attacks as she pursues you! Grinder hits you.
* * * LOW HITPOINT WARNING * * *
You writhe in agony.
* * * LOW HITPOINT WARNING * * *
Grinder says, "FISH!"
Grinder hits you.
* * * LOW HITPOINT WARNING * * *
You writhe in agony.
* * * LOW HITPOINT WARNING * * *
Sigmund gestures wildly while chanting.
Sigmund flickers and vanishes!
Deactivating autopickup; reactivate with Ctrl-A.
Grinder hits you but does no damage. Grinder gestures at you.
Pain shoots through your body!
You die...
Grinder says, "Now the real fun starts!"

..... ...## #K.# #.#
#.#### #.K..###
####{5.# ..# ###.#
#.. #@# ..# #.##
##>.# #..## #...#
##..#####.#.#
##.##......#
#.........#
###..##.....#
##<..###.....#
...#####............#


You could see Grinder.

Vanquished Creatures
  2 adders (D:2)
  A dart slug (D:1)
  5 ball pythons
  5 bats
  6 endoplasms
  3 giant cockroaches
  6 goblins
  7 hobgoblins
  2 quokkas
  2 frilled lizards (D:2)
  9 kobolds
  6 rats
54 creatures vanquished.

Notes
Turn   | Place    | Note
-------+----------+-------------------------------------------
     0 | D:1      | Nedwor the Demonspawn Gladiator began the quest for the
                  | Orb.
     0 | D:1      | Reached XP level 1. HP: 16/16 MP: 1/1
   146 | D:1      | Gained mutation: A meltable shield of frost defends you.
                  | (SH +4) [demonic ancestry]
   146 | D:1      | Reached XP level 2. HP: 19/22 MP: 2/2
   635 | D:1      | Reached XP level 3. HP: 23/28 MP: 3/3
   654 | D:1      | Found Reuxt's Weapon Boutique.
  1130 | D:2      | Found a faded altar of an unknown god.
  1203 | D:2      | Discovered your monstrous ancestry.
  1203 | D:2      | Gained mutation: You have a pair of small horns on your
                  | head. [demonic ancestry]
  1203 | D:2      | Reached XP level 4. HP: 34/34 MP: 4/4
  1664 | D:3      | Noticed Sigmund
  1666 | D:3      | Noticed Grinder
  1668 | D:3      | Paralysed by Grinder for 2 turns
  1677 | D:3      | HP: 1/34 [Grinder (2)]
  1681 | D:3      | Killed from afar by Grinder

Illustrated notes

Levels and vault maps discovered:
D:1:      dpeg_arrival_arbitrary_c, layout_loops_ring, serial_shops,
          nicolae_shop_tiny_real_fake_doors, minivault_25,
          nicolae_kite_square_tiling_tiny, minmay_misc_feat_columns,
          minmay_fountain_box
D:2:      layout_loops_ring, basic_ecumenical_altar
D:3:      layout_rooms, portal_sewer_entry_a, roderic_batcave, uniq_sigmund,
          uniq_grinder

Skill      XL: |  1  2 |
---------------+-------+-----
Short Blades   | 3 |  3.7
Dodging        | 3 |  3.2
Fighting       | |  2.7
Throwing       | |  1.7

Action                     |  1- 3 |  4- 6 || total
---------------------------+-------+-------++-------
  Melee: Rapier            |   138 |    21 ||   159
         Punch             |     3 |       ||     3
         Headbutt          |       |     4 ||     4
   Stab: Sleeping          |     1 |       ||     1
 Armour: Leather armour    |    89 |    12 ||   101
  Dodge: Dodged            |    76 |    12 ||    88
  Block: Other             |    24 |     1 ||    25

Table legend: (Time is in decaauts)
 A = Elapsed time spent in this place.
 B = Non-inter-level travel time spent in this place.
 C = Inter-level travel time spent in this place.
 D = Time resting spent in this place.
 E = Time spent auto-exploring this place.
 F = Levels seen in this place.
 G = Mean time per level.
                   A        B        C        D        E       F      G
               +--------+--------+--------+--------+--------+-----+--------+
         Total |   1686 |   1634 |     52 |      0 |   1249 |   3 |  562.0 |
       Dungeon |   1686 |   1634 |     52 |      0 |   1249 |   3 |  562.0 |
               +--------+--------+--------+--------+--------+-----+--------+

Top non-repeatable levels by time:
     D:1: 1022 daAuts
     D:2: 603 daAuts
     D:3: 60 daAuts
